 Dungeon Crawl Stone Soup version 0.27-a0-1334-g2746e35aca (webtiles) character file.

Game seed: 5693785602768934922

536 funkygono the Gusty (level 7, 0/36 HPs)
             Began as a Tengu Air Elementalist on June 26, 2021.
             Succumbed to a water moccasin's poison
             ... on level 5 of the Dungeon.
             The game lasted 00:08:01 (4315 turns).

funkygono the Gusty (Tengu Air Elementalist)        Turns: 4315, Time: 00:08:02

Health: 0/36       AC:  2    Str:  8    XL:     7   Next: 25%
Magic:  9/15       EV: 15    Int: 17    God:
Gold:   80         SH:  0    Dex: 21    Spells: 0/15 levels left

rFire    . . .     SeeInvis .   c - +1 short sword (venom)
rCold    . . .     Faith    .   (no shield)
rNeg     . . .     Spirit   .   a - +0 robe
rPois    .         Reflect  .   (helmet restricted)
rElec    .         Harm     .   (no cloak)
rCorr    .         Rampage  .   (no gloves)
Will     .....                  (boots unavailable)
Stlth    ++........             k - amulet of the acrobat
HPRegen  0.12/turn              d - +6 ring of dexterity
MPRegen  0.14/turn              r - ring of wizardry

@: lethally poisoned (0 -> -17), flying quickly and evasively, quick
A: beak, talons 3, nimble flight
a: no special abilities


You were on level 5 of the Dungeon.
You visited 1 branch of the dungeon, and saw 5 of its levels.

You collected 80 gold pieces.

Inventory:

Hand Weapons
 b - a +0 whip
 c - a +1 short sword of venom (weapon)
Armour
 a - a +0 robe (worn)
Magical Staves
 i - a staff of fire
Jewellery
 d - a +6 ring of dexterity (left hand)
 k - an amulet of the acrobat (around neck)
 r - a ring of wizardry (right hand)
Scrolls
 h - a scroll of blinking
 j - a scroll of teleportation
Potions
 e - a potion of might
 f - 2 potions of attraction
 g - a potion of lignification {unknown}
 l - a potion of magic {unknown}
 m - a potion of cancellation {unknown}
 n - a potion of heal wounds
 q - a potion of berserk rage {unknown}


   Skills:
 + Level 1.1 Short Blades
 + Level 2.5 Dodging
 - Level 2.0 Stealth
 + Level 4.9 Spellcasting
 + Level 4.7 Conjurations
 + Level 6.3 Air Magic


You couldn't memorise any spells.
You knew the following spells:

 Your Spells              Type           Power      Damage    Failure   Level
a - Shock                 Conj/Air       92%        1d8       1%          1
b - Static Discharge      Conj/Air       23%        N/A       1%          2
c - Swiftness             Air            25%        N/A       1%          3
d - Airstrike             Air            12%        N/A       4%          4
e - Lightning Bolt        Conj/Air       11%        1d24      16%         5

Your spell library contained the following spells:

 Spells                   Type           Power      Damage    Failure   Level
 Magic Dart               Conj           80%        1d7       1%          1
 Searing Ray              Conj           40%        3d4       1%          2
 Dazzling Flash           Conj/Hex       24%        N/A       6%          3
 Confusing Touch          Hex            4%         N/A       17%         3
 Gell's Gravitas          Tloc           2%         N/A       17%         3
 Fulminant Prism          Conj/Hex       6%         3d7       21%         4
 Iskenderun's Mystic Bla  Conj/Tloc      12%        2d5       21%         4
 Petrify                  Tmut/Erth      4%         N/A       47%         4
 Metabolic Englaciation   Hex/Ice        2%         N/A       82%         5
 Yara's Violent Unravell  Hex/Tmut       2%         3d3       82%         5


Dungeon Overview and Level Annotations

Branches:
Dungeon (5/15)
 Temple: D:4-7

Altars:


Innate Abilities, Weirdness & Mutations

You have a beak for a mouth.
You have claws for feet.
Your magical nature lets you fly swiftly and evasively.


Message History

The water moccasin is lightly wounded.
You are struck by an arc of lightning.
The lightning grounds out.
The water moccasin bites you!
You are poisoned.
The water moccasin poisons you!
The water moccasin bites you but does no damage.
Unknown command.
You hit the water moccasin but do no damage.
The water moccasin is lightly wounded.
You feel very sick. The water moccasin bites you!
You barely miss the water moccasin. Your kick misses the water moccasin.
The water moccasin is lightly wounded.
* * * LOW HITPOINT WARNING * * *
You feel very sick. The water moccasin bites you.
* * * LOW HITPOINT WARNING * * *
You are more poisoned.
The water moccasin poisons you!
You feel much better.
You feel very sick. The water moccasin barely misses you.
The water moccasin bites you but does no damage.
Casting: Static Discharge (safe; 1% risk of failure)
Confirm with . or Enter, or press ? or * to list all spells.
The water moccasin is struck by an arc of lightning!
The water moccasin is heavily wounded.
You are struck by an arc of lightning.
The water moccasin is struck by an arc of lightning.
The water moccasin is severely wounded.
The lightning grounds out.
You feel very sick. The water moccasin bites you!
* * * LOW HITPOINT WARNING * * *
Casting: Static Discharge (safe; 1% risk of failure)
Confirm with . or Enter, or press ? or * to list all spells.
The water moccasin is struck by an arc of lightning.
The water moccasin is severely wounded.
The lightning grounds out.
You die... ##### #S@<# #.### #. ##

You could see a water moccasin.

Vanquished Creatures
  A necrophage (D:4)
  2 ogres (D:4)
  A howler monkey (D:4)
  A jelly (D:4)
  An iguana (D:4)
  An orc wizard (D:3)
  6 adders
  An adder skeleton (D:4)
  4 worms
  A dart slug (D:1)
  8 orcs
  4 ball pythons
  7 endoplasms
  A giant cockroach (D:2)
  7 goblins
  8 hobgoblins
  12 jackals
  2 kobolds
  6 bats
  3 frilled lizards (D:1)
  4 rats
81 creatures vanquished.

Notes
Turn   | Place    | Note
-------+----------+-------------------------------------------
     0 | D:1      | funkygono the Tengu Air Elementalist began the quest for
                  | the Orb.
     0 | D:1      | Reached XP level 1. HP: 10/10 MP: 4/4
   296 | D:1      | Reached XP level 2. HP: 15/15 MP: 3/6
   660 | D:1      | Learned a level 2 spell: Static Discharge
   887 | D:1      | Reached skill level 5 in Air Magic
   922 | D:1      | Reached XP level 3. HP: 19/19 MP: 4/7
  1098 | D:1      | Found a faded altar of an unknown god.
  1628 | D:2      | Reached XP level 4. HP: 23/24 MP: 2/9
  1875 | D:2      | Learned a level 3 spell: Swiftness
  2436 | D:3      | Gained mutation: Your magical nature lets you fly swiftly
                  | and evasively. [Tengu growth]
  2436 | D:3      | Reached XP level 5. HP: 28/28 MP: 0/11
  3022 | D:3      | Learned a level 4 spell: Airstrike
  3165 | D:4      | Noticed a necrophage
  3172 | D:4      | Killed a necrophage
  3173 | D:4      | Reached XP level 6. HP: 30/32 MP: 4/13
  3471 | D:4      | Reached skill level 1 in Short Blades
  3471 | D:4      | Reached skill level 6 in Air Magic
  3769 | D:4      | Reached XP level 7. HP: 36/36 MP: 8/15
  3783 | D:4      | Learned a level 5 spell: Lightning Bolt
  4308 | D:5      | Entered Level 5 of the Dungeon
  4315 | D:5      | Succumbed to a water moccasin's poison

Illustrated notes

Levels and vault maps discovered:
D:1:      nzn_arrival_water_spiral, layout_basic,
          shapermc_ecumenical_altar_mp_highgroup
D:2:      layout_rooms
D:3:      layout_rooms
D:4:      layout_loops_ring, minmay_crystal_room
D:5:      kb_forest_paths, layout_basic, temple_fountains,
          gammafunk_ghost_stat_death, gup_sewer_entry_bowl,
          chequers_serial_rivers_large_a, chequers_serial_rivers_micro_e,
          nicolae_specific_store, minmay_manual_mullet

Skill      XL: |  1  2  3  4  5  6 |
---------------+-------------------+-----
Air Magic      | 5 6 |  6.3
Conjurations   | 2 3 4 |  4.7
Spellcasting   | 3 4 |  4.9
Short Blades   | 1 |  1.1
Dodging        | |  2.5
Stealth        | |  2.0

Action                   |  1- 3 |  4- 6 |  7- 9 || total
-------------------------+-------+-------+-------++-------
Melee: Unarmed           |     4 |       |       ||     4
       Peck              |     2 |     2 |       ||     4
       Short sword       |     7 |    17 |     4 ||    28
       Kick              |     3 |     6 |     1 ||    10
 Cast: Shock             |    88 |   104 |    16 ||   208
       Static Discharge  |     1 |     7 |     3 ||    11
  Use: Scroll            |     2 |     5 |     3 ||    10
       Potion            |       |       |     1 ||     1
 Stab: Sleeping          |       |     1 |       ||     1
Armor: Robe              |     8 |       |     2 ||    10
Dodge: Dodged            |    19 |    17 |     1 ||    37

Table legend: (Time is in decaauts)
 A = Elapsed time spent in this place.
 B = Non-inter-level travel time spent in this place.
 C = Inter-level travel time spent in this place.
 D = Time resting spent in this place.
 E = Time spent auto-exploring this place.
 F = Levels seen in this place.
 G = Mean time per level.
                   A        B        C        D        E       F      G
               +--------+--------+--------+--------+--------+-----+--------+
         Total |   4230 |   4163 |     67 |     47 |   3610 |   5 |  846.0 |
       Dungeon |   4230 |   4163 |     67 |     47 |   3610 |   5 |  846.0 |
               +--------+--------+--------+--------+--------+-----+--------+

Top non-repeatable levels by time:
     D:1: 1246 daAuts
     D:4: 1200 daAuts
     D:2: 899 daAuts
     D:3: 877 daAuts
     D:5: 6 daAuts
